Map: Mech Depot LE

Players

Nerchio

  • Race: Zerg Zerg
  • Spawn Location: 1:00

Cham - Winner!

  • Race: Zerg Zerg
  • Spawn Location: 7:00

Event: WCS Montreal 2017

VOD

Have the link to the VOD?

Description

Time

  • Played on: Sept. 9, 2017, 12:02 p.m.
  • Length: 5:20

All games in this series

Show
View Real Time Build Order
Export as new Build Order

Nerchio Zerg 

Build Orders: Hatch First 

Get SALT Encoding   

  12  0:00  Drone  
  13  0:12  Overlord  
  13  0:16  Drone  
  14  0:30  Drone x2  
  14  0:34  Drone  
  17  0:52  Hatchery  
  17  0:55  Drone  
  17  0:58  Drone  
  18  1:09  Extractor  
  17  1:14  Spawning Pool  
  17  1:17  Drone  
  17  1:20  Drone  
  18  1:28  Drone  
  19  1:38  Overlord  
  19  1:49  Drone  
  20  2:00  Queen, Zergling x2  
  23  2:04  Queen, Zergling x2  
  26  2:09  Metabolic Boost  
  26  2:12  Drone  
  26  2:15  Drone  
  28  2:21  Drone  
  29  2:26  Drone  
  30  2:38  Hatchery  
  30  2:44  Baneling Nest  
  28  2:46  Drone  
  28  2:49  Drone  
  30  2:52  Zergling x2  
  30  2:54  Zergling x2  
  31  2:58  Overlord  
  31  3:02  Zergling x2  
  32  3:12  Drone x3, Evolution Chamber  
  36  3:15  Overlord  
  36  3:18  Drone  
  36  3:19  Drone x3  
  38  3:28  Hatchery  
  38  3:29  Drone  
  38  3:33  Drone  
  39  3:35  Drone  
  40  3:42  Drone  
  40  3:44  Drone  
  42  3:51  Extractor, Drone  
  42  3:52  Extractor  
  42  3:54  Drone  
  42  4:00  Drone, Roach Warren  
  42  4:02  Drone  
  43  4:04  Drone  
  43  4:07  Drone x2  
  46  4:11  Drone  
  47  4:17  Overlord  
  47  4:29  Spine Crawler  
  47  4:30  Overlord  
  47  4:31  Spine Crawler, Overlord  
  45  4:40  Roach x5  
  45  4:42  Roach  
  45  4:45  Roach  
  59  4:49  Roach  
  59  4:50  Roach  
  63  4:56  Roach  
  63  4:59  Roach  
Show
View Real Time Build Order
Export as new Build Order

Cham Zerg - Winner!

Build Orders: Hatch First, Roach Nydus 

Get SALT Encoding   

  12  0:01  Drone  
  13  0:09  Drone  
  14  0:16  Overlord  
  14  0:35  Drone x3  
  17  0:52  Hatchery  
  17  0:57  Drone  
  17  0:59  Drone  
  17  1:01  Extractor  
  17  1:14  Spawning Pool  
  17  1:17  Drone  
  17  1:20  Drone  
  18  1:29  Drone  
  19  1:40  Drone  
  20  1:59  Overlord  
  20  2:02  Queen  
  20  2:03  Queen  
  20  2:05  Zergling x4  
  20  2:08  Spine Crawler  
  25  2:13  Zergling x2  
  26  2:17  Drone  
  28  2:22  Drone  
  28  2:26  Drone  
  29  2:34  Drone  
  29  2:36  Drone  
  32  2:39  Queen  
  34  2:47  Evolution Chamber  
  34  2:49  Lair  
  33  2:52  Drone x2  
  35  3:01  Roach Warren  
  35  3:03  Overlord  
  34  3:07  Extractor  
  33  3:19  Drone  
  33  3:21  Queen  
  33  3:23  Drone  
  34  3:28  Drone x2  
  34  3:29  Drone x2  
  34  3:32  Drone  
  40  3:34  Drone  
  40  3:37  Drone  
  41  3:42  Drone  
  41  3:48  Nydus Network  
  41  3:51  Roach  
  41  3:55  Overlord  
  43  4:00  Extractor  
  43  4:01  Roach  
  43  4:02  Overlord  
  45  4:12  Evolution Chamber  
  45  4:15  Roach x3  
  50  4:21  Roach  
  50  4:22  Roach  
  54  4:25  Nydus Canal  
  54  4:30  Roach x2  
  58  4:34  Overlord  
  60  4:38  Roach  
  60  4:56  Roach x3  
  60  4:57  Overlord  
Tags
 
Add a new tag
Caveats
  • Supply blocks, unpowered buildings, or Contaminate may cause inaccurate times.
  • Supply counts are checked every 10 seconds.